 Dungeon Crawl Stone Soup version 0.23.2-1-ga50397a6bc (webtiles) character file.

Game seed: 5513552679648933736

165 Peloso the Shield-Bearer (level 5, -12/47 HPs)
             Began as a Minotaur Fighter on Apr 14, 2019.
             Mangled by Duvessa
             ... wielding a +3 rapier
              (14 damage)
             ... on level 4 of the Dungeon.
             The game lasted 00:03:48 (1765 turns).

Peloso the Shield-Bearer (Minotaur Fighter)         Turns: 1765, Time: 00:03:49

Health: -12/47     AC:  7    Str: 25    XL:     5   Next: 21%
Magic:  4/4        EV:  8    Int:  5    God:
Gold:   131        SH: 10    Dex: 11    Spells: 4/4 levels left

rFire    . . .     SeeInvis .   a - +0 long sword
rCold    . . .     Gourm    .   c - +0 shield
rNeg     . . .     Faith    .   b - +0 scale mail
rPois    .         Spirit   .   (helmet restricted)
rElec    .         Reflect  .   (no cloak)
rCorr    .         Harm     .   (no gloves)
MR       .....                  (no boots)
Stlth    ..........             (no amulet)
HPRegen  0.15/turn              o - ring of flight
MPRegen  0.09/turn              q - ring of attention (curse)

@: mighty, lethally poisoned (-12 -> -16)
A: retaliatory headbutt, horns 2
a: Evoke Flight


You were on level 4 of the Dungeon.
You were hungry.

You visited 1 branch of the dungeon, and saw 4 of its levels.

You collected 131 gold pieces.

Inventory:

Hand Weapons
 a - a +0 long sword (weapon)
Armour
 b - a +0 scale mail (worn)
 c - a +0 shield (worn)
Jewellery
 o - a ring of flight (left hand)
 q - a cursed ring of attention (right hand)
 s - an uncursed amulet of harm {unknown}
Scrolls
 e - 4 scrolls of identify {unknown}
 g - a scroll of enchant weapon {unknown}
 m - 2 scrolls of teleportation {unknown}
 n - a scroll of enchant armour {unknown}
 p - a scroll of remove curse {unknown}
 r - a scroll of fear {unknown}
Potions
 d - a potion of might
 h - a potion of haste {unknown}
 i - a potion of degeneration {unknown}
 j - a potion of agility {unknown}
 k - a potion of mutation {unknown}
 l - a potion of lignification {unknown}
 t - a potion of flight {unknown}
Comestibles
 f - 4 rations


   Skills:
 + Level 4.3 Fighting
 + Level 4.4 Long Blades
 + Level 4.4 Armour
 + Level 0.8 Dodging
 + Level 4.8 Shields


You had 4 spell levels left.
You didn't know any spells.
Your spell library was empty.

Dungeon Overview and Level Annotations

Branches:
Dungeon (4/15)
 Temple: D:4-7

Altars:
Elyvilon

Annotations:
D:4 Duvessa


Innate Abilities, Weirdness & Mutations

You reflexively headbutt those who attack you in melee.
You have a pair of horns on your head.


Message History

You feel sick.
You feel very mighty all of a sudden.
You feel sick. Dowan casts a spell at you. The puff of flame hits you!
* * * LOW HITPOINT WARNING * * *
You barely miss Dowan.
* * * LOW HITPOINT WARNING * * *
You feel sick. Dowan hits you but does no damage.
You slash Dowan!
Dowan is severely wounded.
* * * LOW HITPOINT WARNING * * *
You feel sick. Dowan closely misses you.
You hit Dowan. You headbutt Dowan.
You kill Dowan!
Duvessa screams in rage.
Duvessa goes berserk!
You have reached level 5!
Duvessa hits you with a +3 rapier!
You die...

..# .#......
#..#......#
##.#.....e#
.#.#.......#
...........#
...........#
#<# #e# #@#
#.# #.# #.#
#.# #.# #..
###


You could see Duvessa (berserk).

Vanquished Creatures
  Dowan (D:4)
  A worker ant zombie (D:3)
  4 adders
  An ooze (D:3)
  2 worms (D:2)
  3 dart slugs (D:1)
  3 leopard geckos (D:1)
  An orc (D:4)
  5 giant cockroaches
  9 goblins
  7 hobgoblins
  A quokka (D:3)
  4 bats
  2 frilled lizards (D:1)
  A jackal skeleton (D:3)
  2 kobolds (D:2)
  A quokka skeleton (D:3)
  4 rats
52 creatures vanquished.

Notes
Turn   | Place    | Note
-------+----------+-------------------------------------------
     0 | D:1      | Peloso the Minotaur Fighter began the quest for the Orb.
     0 | D:1      | Reached XP level 1. HP: 19/19 MP: 0/0
   182 | D:1      | Reached XP level 2. HP: 23/27 MP: 1/1
   896 | D:1      | Reached XP level 3. HP: 33/33 MP: 2/2
  1341 | D:2      | Found a white marble altar of Elyvilon.
  1411 | D:2      | Reached XP level 4. HP: 40/40 MP: 3/3
  1754 | D:4      | Noticed Dowan
  1756 | D:4      | Noticed Duvessa
  1763 | D:4      | HP: 2/40 [poisoned by an orc]
  1765 | D:4      | Killed Dowan
  1765 | D:4      | Reached XP level 5. HP: 1/47 MP: 4/4
  1765 | D:4      | Mangled by Duvessa

Skill      XL: |  1  2  3  4 |
---------------+-------------+-----
Fighting       | 4 |  4.3
Shields        | 4 |  4.8
Armour         | 4 |  4.4
Long Blades    | 3 4 |  4.4
Dodging        | |  0.8

Action                   |  1- 3 |  4- 6 || total
-------------------------+-------+-------++-------
Melee: Long sword        |   107 |    41 ||   148
       Headbutt          |    11 |    10 ||    21
  Use: Potion            |       |     1 ||     1
  Eat: Chunk             |     2 |       ||     2
Armor: Scale mail        |    55 |    21 ||    76
Dodge: Dodged            |    28 |    21 ||    49
Block: Shield            |    60 |    23 ||    83
       Rpst.: Long sword |     3 |     4 ||     7
